 Dungeon Crawl Stone Soup version 0.26-a0-639-g72c4674329 (webtiles) character file.

Game seed: 15344193451585697908

717 Gottschkopf the Changer (level 7, 0/78 HPs)
             Began as a Green Draconian Transmuter on Sept 15, 2020.
             Succumbed to a gnoll sergeant zombie's poison
             ... on level 5 of the Dungeon.
             The game lasted 00:11:28 (4901 turns).

Gottschkopf the Changer (DrTm)                      Turns: 4901, Time: 00:11:29

Health: 0/78       AC: 10    Str: 14    XL:     7   Next: 42%
Magic:  10/10      EV: 12    Int: 14    God:
Gold:   46         SH:  5    Dex: 13    Spells: 4/10 levels left

rFire    + + .     SeeInvis .     - Unarmed
rCold    + . .     Faith    .   (no shield)
rNeg     . . .     Spirit   .   (armour unavailable)
rPois    +         Reflect  +   (helmet restricted)
rElec    +         Harm     .   (no cloak)
rCorr    +         Rampage  .   n - +0 pair of gloves
MR       .....                  f - +2 pair of boots
Stlth    ..........             p - amulet of reflection
HPRegen  0.23/turn              (no ring)
MPRegen  0.12/turn              (no ring)

@: berserking, lethally poisoned (0 -> -15), resistant, very quick
A: breathe noxious fumes, unfitting armour, hooves 1, horns 1, fire resistance
1, poison resistance, strong 1, cold-blooded, AC +6
a: Breathe Noxious Fumes


You were on level 5 of the Dungeon.
You visited 1 branch of the dungeon, and saw 5 of its levels.

You collected 273 gold pieces.
You spent 227 gold pieces at shops.

Inventory:

Hand Weapons
 e - the +5 dire flail "Ygudwor" {vorpal, rPois rN+ Str+2, unknown}
   (You found it on level 5 of the Dungeon)

   It inflicts extra damage upon your enemies.
   It affects your strength (+2).
   It protects you from poison.
   It protects you from negative energy.
Armour
 f - a +2 pair of boots (worn)
 n - a +0 pair of gloves (worn)
Jewellery
 j - an uncursed ring of ice
 p - an amulet of reflection (around neck)
Wands
 x - a wand of polymorph (1)
Scrolls
 b - 4 scrolls of teleportation
 i - 2 scrolls of blinking {unknown}
 l - a scroll of immolation {unknown}
 o - 2 scrolls of enchant armour {unknown}
 r - 2 scrolls of enchant weapon {unknown}
 t - 2 scrolls of remove curse
 v - a scroll of fear {unknown}
 w - a scroll of amnesia {unknown}
 y - a scroll of magic mapping
Potions
 a - a potion of lignification
 c - a potion of stabbing
 d - 2 potions of resistance
 g - a potion of cancellation
 h - a potion of invisibility
 s - a potion of mutation
 u - 3 potions of heal wounds {unknown}
 z - a potion of flight
 A - a potion of brilliance {unknown}


   Skills:
 - Level 1.1 Fighting
 - Level 1.7 Dodging
 + Level 6.1 Unarmed Combat
 - Level 2.0 Spellcasting
 - Level 6.5 Transmutations


You had 4 spell levels left.
You knew the following spells:

 Your Spells              Type           Power        Failure   Level
a - Beastly Appendage     Tmut           ###...       1%          1
b - Spider Form           Tmut/Pois      ##........   19%         3
c - Wereblood             Tmut           ###.....     2%          2

Your spell library contained the following spells:

 Spells                   Type           Power        Failure   Level
 Ice Form                 Ice/Tmut       ##......     52%         4
 Blade Hands              Tmut           ###.......   41%         5


Dungeon Overview and Level Annotations

Branches:
Dungeon (5/15)
 Temple: D:4-7

Altars:
Dithmenos
Uskayaw
Zin
The Shining One

Shops:
D:2 *   D:5 ?


Innate Abilities, Weirdness & Mutations

You can breathe blasts of noxious fumes.
Your lurid green scales are hard. (AC +6)
You cannot fit into any form of body armour.
Your system is resistant to poisons. (rPois)
You are cold-blooded and may be slowed by cold attacks.
You have large cloven feet.
You have a pair of small horns on your head.
Your flesh is heat resistant. (rF+)
Your muscles are strong. (Str +2)


Message History

You completely miss the gnoll sergeant zombie.
The gnoll sergeant zombie is lightly damaged.
* * * LOW HITPOINT WARNING * * *
You feel sick.
The gnoll sergeant zombie hits you with a +2 spear of venom.
* * * LOW HITPOINT WARNING * * *
You are more poisoned.
You are too berserk!
You punch the gnoll sergeant zombie!
The gnoll sergeant zombie is moderately damaged.
* * * LOW HITPOINT WARNING * * *
You feel sick.
You punch the gnoll sergeant zombie!
The gnoll sergeant zombie is heavily damaged.
* * * LOW HITPOINT WARNING * * *
You feel sick.
The gnoll sergeant zombie hits you but does no damage.
You punch the gnoll sergeant zombie!
You destroy the gnoll sergeant zombie!
You die...

..# #.###.....#..# #.
### #.# ##...##..# #.
### ##.###..#####.
#######..#..... ###
#○°.°○########. ....
##☼○°☼○#○.○○○.#.
#..#####°°.☼○#○°°.°.#.
#.....)#...°☼°.#.#°○#.
..#.@©#Z..○°'...©°○#©
##.)#...°○○.#.#○○#.
####°○○°○#°○.°°°##
##°○.○☼#○☼.°°°#
#○°○°○######## #######


You could see a gnoll sergeant zombie.

Vanquished Creatures
  Eustachio (D:5)
  An ogre (D:5)
  A centaur (D:5)
  A scorpion (D:5)
  A hound (D:3)
  An orc wizard (D:5)
  2 worker ants
  Natasha (thrice) (D:3)
  A gnoll (D:1)
  A gnoll zombie (D:5)
  4 adders
  An orc zombie (D:5)
  A white imp (D:5)
  An ufetubus (D:5)
  A worm (D:2)
  A dart slug (D:1)
  4 leopard geckos
  13 orcs
  A giant cockroach (D:3)
  3 hobgoblins
  14 jackals
  3 quokkas (D:2)
  12 bats
  4 frilled lizards
  9 goblins
  9 kobolds
  A leopard gecko skeleton (D:4)
  5 rats
100 creatures vanquished.

Vanquished Creatures (others)
  13 plants (D:2)
13 creatures vanquished.

Grand Total: 113 creatures vanquished

Notes
Turn   | Place    | Note
-------+----------+-------------------------------------------
     0 | D:1      | Gottschkopf the Draconian Transmuter began the quest for
                  | the Orb.
     0 | D:1      | Reached XP level 1. HP: 16/16 MP: 3/3
   135 | D:1      | Reached XP level 2. HP: 23/23 MP: 3/5
   524 | D:1      | Reached XP level 3. HP: 14/28 MP: 4/6
  1004 | D:2      | Found Zin's Purification Station.
  1017 | D:2      | Learned a level 3 spell: Spider Form
  1018 | D:2      | Found a glowing silver altar of Zin.
  1322 | D:2      | Reached XP level 4. HP: 25/35 MP: 5/7
  1610 | D:2      | Found a glowing golden altar of the Shining One.
  1619 | D:2      | Found a shadowy altar of Dithmenos.
  2080 | D:3      | Noticed Natasha
  2086 | D:3      | Killed Natasha
  2222 | D:3      | Reached XP level 5. HP: 40/40 MP: 3/8
  2302 | D:3      | Noticed Natasha
  2309 | D:3      | Killed Natasha
  2460 | D:3      | Noticed Natasha
  2467 | D:3      | Killed Natasha
  2988 | D:3      | Learned a level 2 spell: Wereblood
  3265 | D:4      | Reached skill level 5 in Transmutations
  3447 | D:4      | Reached XP level 6. HP: 41/47 MP: 7/9
  3717 | D:5      | Entered Level 5 of the Dungeon
  3717 | D:5      | Noticed Eustachio
  3734 | D:5      | Killed Eustachio
  3933 | D:5      | Found a hide-covered altar of Uskayaw.
  3957 | D:5      | Reached skill level 5 in Unarmed Combat
  3957 | D:5      | Your scales start taking on a lurid green colour.
  3957 | D:5      | Reached XP level 7. HP: 52/52 MP: 5/10
  3957 | D:5      | Gained mutation: Your system is resistant to poisons.
                  | (rPois) [Green Draconian growth]
  4356 | D:5      | Found Zyocs's Magic Scroll Shoppe.
  4358 | D:5      | Found a transporter.
  4364 | D:5      | Bought a scroll of teleportation for 39 gold pieces
  4364 | D:5      | Bought a scroll of remove curse for 39 gold pieces
  4364 | D:5      | Bought a scroll of identify for 26 gold pieces
  4364 | D:5      | Bought a scroll of magic mapping for 45 gold pieces
  4364 | D:5      | Bought a scroll of identify for 26 gold pieces
  4364 | D:5      | Bought a scroll of identify for 26 gold pieces
  4364 | D:5      | Bought a scroll of identify for 26 gold pieces
  4378 | D:5      | Gained mutation: You have a pair of small horns on your
                  | head. [potion of mutation]
  4378 | D:5      | Gained mutation: Your muscles are strong. (Str +2) [potion
                  | of mutation]
  4378 | D:5      | Gained mutation: Your flesh is heat resistant. (rF+)
                  | [potion of mutation]
  4378 | D:5      | Gained mutation: You have large cloven feet. [potion of
                  | mutation]
  4864 | D:5      | Found a transporter.
  4881 | D:5      | Got a warped dire flail
  4898 | D:5      | HP: 3/78 [gnoll sergeant zombie/+2 spear of venom (3)]
  4900 | D:5      | HP: 1/78 [poisoned by a gnoll sergeant zombie]
  4901 | D:5      | Succumbed to a gnoll sergeant zombie's poison

Illustrated notes

Levels and vault maps discovered:
D:1:      dpeg_arrival_rhombus, layout_basic
D:2:      layout_basic, minitemple, zin_purify, kennysheep_boxes
D:3:      layout_loops_ring, uniq_natasha
D:4:      layout_loops_cross
D:5:      gammafunk_cloud_chamber, layout_loops_ring,
          gammafunk_temple_overflow_pools, basic_altar, serial_shops, shop,
          lemuel_flamethrower_2, uniq_eustachio

Skill      XL: |  1  2  3  4  5  6  7 |
---------------+----------------------+-----
Unarmed Combat | 4 5 6 |  6.1
Transmutations | 3 5 6 |  6.5
Fighting       | |  1.1
Dodging        | |  1.7
Spellcasting   | |  2.0

Action                   |  1- 3 |  4- 6 |  7- 9 || total
-------------------------+-------+-------+-------++-------
Melee: Unarmed           |    89 |   138 |    47 ||   274
       Kick              |    15 |    13 |     2 ||    30
       Headbutt          |     9 |    10 |     5 ||    24
       Tailslap          |     2 |     4 |     4 ||    10
       Punch             |       |     1 |       ||     1
 Cast: Beastly Appendage |    26 |    21 |     3 ||    50
       Spider Form       |       |    10 |     3 ||    13
       Wereblood         |       |     1 |     3 ||     4
  Use: Scroll            |       |       |     9 ||     9
       Potion            |       |       |     4 ||     4
 Stab: Sleeping          |     1 |       |       ||     1
Armor: Skin              |    36 |    32 |    16 ||    84
Dodge: Dodged            |    67 |   110 |    45 ||   222
Block: Other             |       |    23 |     9 ||    32

Table legend: (Time is in decaauts)
 A = Elapsed time spent in this place.
 B = Non-inter-level travel time spent in this place.
 C = Inter-level travel time spent in this place.
 D = Time resting spent in this place.
 E = Time spent auto-exploring this place.
 F = Levels seen in this place.
 G = Mean time per level.
                   A        B        C        D        E       F      G
               +--------+--------+--------+--------+--------+-----+--------+
         Total |   4875 |   4812 |     63 |    261 |   3846 |   5 |  975.0 |
       Dungeon |   4875 |   4812 |     63 |    261 |   3846 |   5 |  975.0 |
               +--------+--------+--------+--------+--------+-----+--------+

Top non-repeatable levels by time:
     D:5: 1176 daAuts
     D:3: 1091 daAuts
     D:1: 950 daAuts
     D:2: 861 daAuts
     D:4: 795 daAuts
